AoeStats
← janko9203

Arabia

510570370Analyzed
1v1 RM · 2d ago on Oct 1, 2026· 56m 2s· 2 players
Game mode
Random Map
Map size
Tiny (2 player)
Population
200
Speed
Normal
Resources
Standard
Victory
Conquest
Starting age
Dark Age
Ending age
Imperial Age
RankedLock teamsTeams togetherTeam positionsShared explorationLock speedFull tech treeHidden civsTurbo modeCheats
Victory
Defeat
🇬🇧 Italians · United Kingdom
1012
+44
🇬🇧 Mongols · United Kingdom
1032
-17
janko9203
7:55 Loom
10:58 Feudal Age
16:15 Castle Age
14:45 Double-Bit Axe
16:54 Bloodlines
26:14 Bow Saw
27:03 Horse Collar
28:17 Pikeman
32:02 Wheelbarrow
31:46 Fletching
31:57 Padded Archer Armor
31:33 Light Cavalry
36:18 Imperial Age
35:03 Ballistics
34:43 Bodkin Arrow
35:03 Leather Archer Armor
35:22 Hand Cart
34:57 Crossbowman
36:27 Town Watch
37:34 Arbalester
38:47 Thumb Ring
39:04 Bracer
39:35 Ring Archer Armor
41:05 Chemistry
41:32 Scale Barding Armor
41:38 Forging
44:31 Chain Barding Armor
44:46 Iron Casting
43:56 Hussar
Qars
7:07 Loom
9:29 Feudal Age
10:00 Double-Bit Axe
9:56 Horse Collar
10:15 Town Watch
17:30 Wheelbarrow
20:19 Castle Age
19:59 Scale Mail Armor
20:10 Forging
20:11 Bloodlines
20:26 Pikeman
22:16 Chain Mail Armor
23:03 Squires
25:01 Bow Saw
26:56 Heavy Plow
32:34 Scale Barding Armor
37:19 Imperial Age
35:22 Gold Mining
35:17 Light Cavalry
35:58 Husbandry
36:35 Iron Casting
35:53 Fletching
37:11 Hand Cart
36:54 Bodkin Arrow
37:54 Thumb Ring
38:18 Bracer
38:38 Stone Mining
39:44 Conscription
39:52 Ballistics
39:41 Hussar
40:59 Iron Casting
41:39 Parthian Tactics
42:16 Chemistry
42:15 Gold Shaft Mining
45:13 Siege Engineers
45:19 Masonry
50:44 Stone Shaft Mining
52:15 Chain Barding Armor
52:10 Padded Archer Armor
55:24 Leather Archer Armor
Connection lost

Rejoining the realm…

Still unreachable

The connection could not be restored.

Session expired

The server has moved on; the page needs a fresh start.